Unix xNetHack Version 8.0.0 - last build Jan 14 2024 16:46:22 (be4d3c81716514284228e1a23197c27ddb32b841). Game began 2024-03-08 21:04:55, ended 2024-03-08 21:24:19. Catomat, neutral female human Wizard --- --.-- |...|---# |...--.#-* |-.....).|# ---..^.....-- |..--.....[<| ------.....-- |.--..------ -----).).)@0 |.------ -----.|-.--- --.||..|....-- |..--.--.....| |...........-- --..........| ---........-- --........-- --........| |..|.--.-- --------- Catomat the Conjurer St:9 Dx:16 Co:11 In:18 Wi:9 Ch:12 Neutral S:805 Dlvl:4 $:83 HP:0(37) Pw:38(38) AC:9 Xp:4/143 T:1467 Latest messages: You kill the cave spider! You see here a cave spider corpse. There is a cave spider corpse here; eat it? [ynq] (n) Blecch! Rotten food! You feel healthy. In what direction? You don't have enough energy to cast that spell. There are a few objects here. With great effort you move the boulder. With great effort you move the boulder. There are a few objects here. With great effort you move the boulder. Really step onto that magic trap? [yn] (n) With great effort you move the boulder. Really step onto that magic trap? [yn] (n) You are beginning to feel hungry. What do you want to eat? [io or ?*] This lichen corpse tastes okay. You no longer feel hungry. You finish eating the lichen corpse. You descend the stairs. The gnome wields 3 daggers! In what direction? The spell hits the gnome! You kill the gnome! There are a few objects here. You see here a dagger. x - a dagger {10}. There are two objects here. x - 3 daggers {30} (4 in total). You see here a light brown spellbook. y - a light brown spellbook {40}. What do you want to read? [c-fhjmnqrty or ?*] You begin to memorize the runes. You add the "create monster" spell to your repertoire, as 'e'. You are hit by a crossbow bolt. You are hit by a crossbow bolt. You are almost hit by a crossbow bolt. You are hit by a crossbow bolt! You are hit by a crossbow bolt! You are hit by a crossbow bolt. With great effort you move the boulder. You are hit by a crossbow bolt! You are hit by a crossbow bolt! You are hit by a crossbow bolt. Wizard is about to die. You are hit by a crossbow bolt. You die... Do you want your possessions identified? [ynq] (y) Do you want to see your attributes? [ynq] (y) Inventory: Inventory: 486/550 weight (23/52 slots) Coins $ - 83 gold pieces {1} Weapons x - 4 +0 daggers {40} a - a blessed +1 quarterstaff {40} Armor v - an uncursed +0 dwarvish helm {40} w - a cursed -1 pair of dwarvish boots {50} b - an uncursed +0 cloak of magic resistance (being worn) {8} Comestibles i - an uncursed food ration {20} Scrolls q - a blessed scroll of blank paper {5} r - an uncursed scroll of blank paper {5} j - an uncursed scroll of create monster {5} m - an uncursed scroll of destroy armor {5} n - a blessed scroll of enchant armor {5} h - an uncursed scroll of enchant armor {5} t - an uncursed scroll of enchant weapon {5} Spellbooks f - an uncursed spellbook of cause fear {45} y - an uncursed spellbook of create monster {40} e - an uncursed spellbook of dig {45} c - a blessed spellbook of force bolt {35} d - a blessed spellbook of magic missile {40} Potions s - a cursed potion of paralysis {20} Wands u - a wand of speed monster (0:6) {7} Tools l - an empty uncursed sack (wielded) {15} g - an uncursed blindfold {2} k - an uncursed pair of lenses {3} Catomat the Wizard's attributes: Background: You were a Conjurer, a level 4 female human Wizard. You were neutral, nominally on a mission for Thoth who was opposed by Ptah (lawful) and Anhur (chaotic). You were heterosexual. You were in the Gnomish Mines, on level 4. You entered the dungeon 1467 turns ago. You had 143 experience points, 17 more were needed to attain level 5. Your score was 805 before end-of-game adjustments. Basics: You had 0 out of 37 hit points. You had all 38 energy points (spell power). Your armor class was 9. Your wallet contained 83 zorkmids. Autopickup was on for '$"?!=/' plus thrown. Final Characteristics: Your strength was 9 (limit:18/100). Your dexterity was 16 (limit:18). Your constitution was 11 (limit:18). Your intelligence was 18 (limit:18). Your wisdom was 9 (limit:18). Your charisma was 12 (limit:18). Final Status: You were not hungry. You were unencumbered. You were wielding a tool. Final Attributes: You were devoutly aligned. You were magic-protected. You were poison resistant. You were telepathic. You were warded. You are dead. Miscellaneous: You never encountered a bones level. Total elapsed playing time was 19 minutes and 23 seconds. Major events: Turn 1: Catomat the neutral female human Wizard entered the dungeon 680: attained the rank of Conjurer (level 3) 1032: entered the Gnomish Mines 1467: killed by a crossbow bolt Vanquished creatures: 2 floating eyes a dwarf 2 orc zombies 2 hobbits 2 giant rats 2 cave spiders 7 gnomes a gecko 4 jackals 2 foxes a kobold a goblin 2 sewer rats 5 lichens a kobold zombie 6 newts 41 creatures vanquished. No species were genocided or became extinct. Voluntary challenges: You were an atheist. You read items or engraved 3 times. You never genocided any monsters. You never polymorphed an object. You never changed form. You never touched an artifact. You used no wishes. You were celibate. You never generated conflict. Achievements: You attained the rank of Conjurer. You entered the Gnomish Mines. Dungeon overview: The Dungeons of Doom: levels 1 to 4 Level 1: Level 2: Level 3: Stairs down to The Gnomish Mines. Level 4: The Gnomish Mines: Level 4: <- You were here. Final resting place for you, killed by a crossbow bolt. Game over: __________ / \ / REST \ / IN \ / PEACE \ / \ | Catomat | | 83 Au | | killed by a | | crossbow bolt | | | | | | 2024 | *| * * * | * _________)/\\_//(\/(/\)/\//\/|_)_______ Goodbye Catomat the Wizard... You died in The Gnomish Mines on dungeon level 4 with 797 points, and 83 pieces of gold, after 1467 moves. You were level 4 with a maximum of 37 hit points when you died.